AoeStats
← MeowMe

Nomad

509850278Analyzed
3v3 RM · 2d ago on Sep 28, 2026· 29m 18s· 6 players
Game mode
Random Map
Map size
210×210
Population
200
Speed
Normal
Resources
Standard
Victory
Conquest
Starting age
Dark Age
Ending age
Imperial Age
RankedLock teamsTeams togetherTeam positionsShared explorationLock speedFull tech treeHidden civsTurbo modeCheats
Victory
Defeat
🇨🇿 Koreans · Czechia
1878
+5
🇹🇷 Italians · Türkiye
1841
+6
🇬🇧 Varangians · United Kingdom
1674
+11
🇷🇺 Varangians · Russia
1630
-9
🇧🇾 Berbers · Belarus
1619
-8
🇬🇪 Koreans · Georgia
1493
-5
Honda
9:15 Loom
11:52 Feudal Age
12:21 Double-Bit Axe
14:01 Fletching
18:13 Castle Age
16:02 Horse Collar
17:51 Fishing Lines
19:11 Bow Saw
21:07 Wheelbarrow
21:02 Stone Mining
24:19 Town Watch
27:41 Imperial Age
25:14 Padded Archer Armor
25:07 Gold Mining
25:30 Gillnets
26:59 Ballistics
29:32 Chemistry
ELEOS | Danielsiii
4:48 Loom
15:13 Feudal Age
15:59 Double-Bit Axe
16:11 Fishing Lines
18:53 Castle Age
19:11 Forging
19:09 Scale Barding Armor
19:31 Town Watch
19:46 Gillnets
20:14 Bow Saw
20:58 Light Cavalry
21:40 Husbandry
23:42 Ballistics
23:48 Fletching
24:14 Medium Warships
24:57 Bodkin Arrow
25:58 Iron Casting
27:06 Clinker Construction
27:36 Town Watch
28:26 Wheelbarrow
28:12 Siphons
27:56 Treadmill Crane
28:00 Horse Collar
JustAGecko
12:10 Feudal Age
16:04 Double-Bit Axe
19:50 Loom
22:49 Castle Age
23:31 Fishing Lines
24:09 Bow Saw
24:02 Town Watch
SiraZaika
6:20 Loom
9:08 Loom
13:04 Feudal Age
13:37 Double-Bit Axe
13:41 Town Watch
16:07 Forging
18:31 Fletching
19:15 Gold Mining
23:28 Castle Age
24:22 Bodkin Arrow
26:16 Bow Saw
26:47 Wheelbarrow
27:19 Medium Warships
MeowMe
3:54 Loom
13:54 Feudal Age
19:21 Castle Age
17:29 Fletching
19:56 Stone Mining
19:57 Gold Mining
23:36 Horse Collar
25:26 Double-Bit Axe
29:54 Wheelbarrow
29:04 Town Watch
29:12 Town Watch
OLADUSHEK
5:45 Loom
13:11 Feudal Age
14:12 Town Watch
17:02 Castle Age
15:36 Double-Bit Axe
17:10 Gold Mining
17:55 Bow Saw
19:36 Fletching
22:17 Bodkin Arrow
22:44 Padded Archer Armor
24:37 Gold Shaft Mining
28:01 Ballistics
Connection lost

Rejoining the realm…

Still unreachable

The connection could not be restored.

Session expired

The server has moved on; the page needs a fresh start.